AoeStats
← oveja83

Black Forest

510202564Analyzed
4v4 RM · 1d ago on Sep 29, 2026· 46m 40s· 8 players
Game mode
Random Map
Map size
Large (8 player)
Population
200
Speed
Normal
Resources
Standard
Victory
Conquest
Starting age
Dark Age
Ending age
Imperial Age
RankedLock teamsTeams togetherTeam positionsShared explorationLock speedFull tech treeHidden civsTurbo modeCheats
Victory
Defeat
🇺🇸 Franks · United States
1019
+16
🇨🇴 Persians · Colombia
1014
+16
🇨🇴 Japanese · Colombia
1000
+17
955
+18
🇧🇷 Romans · Brazil
1038
-18
🇧🇷 Byzantines · Brazil
1020
-17
🇸🇪 Persians · Sweden
1004
-16
🇨🇱 Mongols · Chile
988
-16
TTVJohnWickCiv5
10:04 Feudal Age
10:38 Double-Bit Axe
17:04 Castle Age
17:28 Gold Mining
18:08 Bow Saw
18:52 Caravan
21:02 Wheelbarrow
21:15 Husbandry
23:52 Forging
25:21 Hand Cart
24:53 Loom
24:57 Town Watch
26:21 Scale Barding Armor
28:23 Iron Casting
29:44 Chain Barding Armor
32:18 Stone Mining
33:05 Gold Shaft Mining
32:38 Fletching
32:48 Scale Mail Armor
33:47 Bodkin Arrow
33:52 Padded Archer Armor
38:17 Imperial Age
37:32 Town Patrol
38:53 Fervor
38:20 Cavalier
40:05 Blast Furnace
39:41 Plate Barding Armor
40:25 Masonry
40:36 Ballistics
41:16 Chemistry
40:22 Siege Engineers
39:47 Paladin
43:01 Chain Mail Armor
43:01 Leather Archer Armor
jadm9612
1:02 Loom
14:35 Feudal Age
15:25 Town Watch
22:44 Castle Age
20:38 Stone Mining
20:40 Gold Mining
21:27 Padded Archer Armor
21:21 Fletching
22:00 Double-Bit Axe
31:18 Horse Collar
33:04 Wheelbarrow
33:21 Bow Saw
33:17 Heavy Plow
34:53 Hand Cart
35:39 Town Patrol
39:24 Imperial Age
37:12 Padded Archer Armor
37:08 Bodkin Arrow
37:24 Forging
37:18 Scale Mail Armor
38:09 Gold Shaft Mining
38:39 Elite Skirmisher
38:42 Crossbowman
39:28 Thumb Ring
39:41 Leather Archer Armor
40:01 Iron Casting
39:49 Ballistics
40:36 Kataparuto
39:37 Elite Samurai
42:00 Chemistry
41:34 Ring Archer Armor
41:04 Bracer
41:21 Chain Mail Armor
43:51 Yasama
44:11 Arbalester
45:27 Plate Mail Armor
45:58 Blast Furnace
Supreme Leader Donald J. Trump
6:57 Double-Bit Axe
9:43 Gold Mining
9:34 Horse Collar
10:44 Stone Mining
12:59 Feudal Age
14:27 Heavy Plow
14:37 Bow Saw
17:08 Castle Age
23:28 Imperial Age
22:28 Gold Shaft Mining
23:53 Padded Archer Armor
25:15 Chemistry
26:32 Leather Archer Armor
27:38 Wheelbarrow
28:41 Conscription
29:11 Loom
42:56 Forging
42:47 Scale Mail Armor
45:52 Two-Man Saw
45:22 Crop Rotation
45:29 Stone Shaft Mining
Yogurtu Mghe
0:57 Loom
11:43 Feudal Age
18:06 Castle Age
16:56 Double-Bit Axe
16:53 Horse Collar
17:27 Gold Mining
18:00 Stone Mining
19:10 Wheelbarrow
22:23 Hand Cart
23:10 Heavy Plow
24:24 Fishing Lines
28:11 Caravan
28:04 Gillnets
32:33 Imperial Age
30:35 Forging
30:35 Scale Barding Armor
31:13 Bow Saw
32:03 Kamandaran
33:12 Thumb Ring
33:17 Crossbowman
33:59 Padded Archer Armor
33:50 Fletching
35:02 Iron Casting
35:09 Leather Archer Armor
34:55 Elite War Elephant
36:16 Chain Barding Armor
36:49 Crop Rotation
36:50 Conscription
37:22 Gold Shaft Mining
37:47 Ballistics
37:29 Bodkin Arrow
39:55 Ring Archer Armor
40:26 Blast Furnace
41:25 Plate Barding Armor
Gautier Sans-Avoir
0:29 Loom
14:10 Feudal Age
14:36 Double-Bit Axe
17:30 Gold Mining
21:58 Castle Age
21:22 Horse Collar
22:42 Bow Saw
22:40 Heavy Plow
25:06 Stone Mining
27:37 Stone Shaft Mining
29:40 Wheelbarrow
33:48 Hand Cart
33:36 Fletching
34:33 Crossbowman
35:47 Kamandaran
36:05 Bodkin Arrow
37:10 Padded Archer Armor
37:36 Ballistics
37:27 Masonry
37:58 Gold Shaft Mining
37:40 Thumb Ring
38:25 Town Watch
44:38 Imperial Age
oveja83
12:21 Feudal Age
13:44 Gold Mining
17:22 Double-Bit Axe
18:52 Fletching
21:15 Fishing Lines
23:59 Castle Age
22:11 Padded Archer Armor
22:02 Horse Collar
24:25 Scale Mail Armor
24:32 Gillnets
24:54 Bow Saw
24:47 Heavy Plow
25:29 Gold Shaft Mining
24:19 Crossbowman
25:06 Thumb Ring
25:36 Bloodlines
25:27 Husbandry
25:33 Town Watch
26:58 Husbandry
27:14 Forging
28:14 Bodkin Arrow
28:50 Ballistics
28:47 Leather Archer Armor
29:21 Wheelbarrow
29:17 Light Cavalry
29:46 Loom
34:35 Wheelbarrow
34:10 Scale Barding Armor
34:41 Iron Casting
36:23 Hand Cart
38:44 Imperial Age
37:15 Chain Barding Armor
41:40 Blast Furnace
42:03 Coinage
42:51 Bracer
43:54 Chemistry
43:03 Onager
46:57 Banking
Bruno MIRANDA
14:29 Feudal Age
20:04 Castle Age
18:02 Double-Bit Axe
18:01 Horse Collar
18:37 Stone Mining
20:01 Wheelbarrow
24:10 Fletching
27:29 Bow Saw
27:22 Heavy Plow
27:45 Hand Cart
27:44 Gold Mining
30:25 Gold Shaft Mining
32:22 Ballistics
35:53 Imperial Age
36:59 Ballistas
37:57 Chemistry
37:03 Siege Engineers
36:24 Heavy Scorpion
36:24 Capped Ram
hcmiranda2203
2:36 Loom
10:51 Feudal Age
11:33 Double-Bit Axe
12:48 Horse Collar
18:48 Castle Age
18:21 Gold Mining
19:37 Stone Mining
23:07 Wheelbarrow
25:22 Imperial Age
23:34 Stone Shaft Mining
24:13 Pikeman
26:48 Squires
27:04 Heavy Camel Rider
28:36 Husbandry
30:46 Elite Skirmisher
32:17 Fletching
40:10 Elite Skirmisher
40:17 Crossbowman
42:57 Thumb Ring
45:35 Light Cavalry
Connection lost

Rejoining the realm…

Still unreachable

The connection could not be restored.

Session expired

The server has moved on; the page needs a fresh start.